 Dungeon Crawl Stone Soup version 0.28.0-43-g3370ac3207 (webtiles) character file.

Game seed: 12401006378604398881

240 Revguard the Chopper (level 5, -2/41 HPs)
             Began as a Demonspawn Gladiator on Mar 14, 2022.
             Was an Initiate of Yredelemnul.
             Succumbed to Sigmund's poison
             ... in the Ecumenical Temple.
             The game lasted 00:08:14 (3792 turns).

Revguard the Chopper (Demonspawn Gladiator)         Turns: 3792, Time: 00:08:15

Health: -2/41      AC:  7    Str: 16    XL:     5   Next: 80%
Magic:  5/5        EV: 13    Int:  9    God:    Yredelemnul [......]
Gold:   137        SH:  0    Dex: 15    Spells: 4/4 levels left

rFire   . . .      SeeInvis .   a - +0 war axe
rCold   . . .      Faith    .   (no shield)
rNeg    . . .      Spirit   .   b - +1 leather armour
rPois   .          Reflect  .   c - +0 helmet
rElec   .          Harm     .   m - +0 cloak
rCorr   +          Rampage  .   (no gloves)
Will    .....                   f - +0 pair of boots
Stlth   +.........              (no amulet)
HPRegen 0.13/turn               n - ring of resist corrosion
MPRegen 0.09/turn               (no ring)

@: lethally poisoned (-2 -> -20)
A: ignite blood 2
a: Renounce Religion, Recall Undead Harvest


You were in the Ecumenical Temple.
You worshipped Yredelemnul.
Yredelemnul was noncommittal.
You visited 2 branches of the dungeon, and saw 5 of its levels.

You collected 137 gold pieces.

Inventory:

Hand Weapons
 a - a +0 war axe (weapon)
 i - the +5 mace of Charity {flame, rN+ Int-3 SInv}
   (You found it on level 3 of the Dungeon)

   It burns those it strikes, dealing additional fire damage.
   Int:       It affects your intelligence (-3).
   rN:        It protects you from negative energy.
   SInv:      It lets you see invisible.
Missiles
 d - 3 throwing nets (quivered)
Armour
 b - a +1 leather armour (worn)
 c - a +0 helmet (worn)
 f - a +0 pair of boots (worn)
 m - a +0 cloak (worn)
Jewellery
 n - a ring of resist corrosion (left hand)
 p - a ring of willpower
Scrolls
 e - a scroll of noise
 k - a scroll of enchant armour
 l - a scroll of fog {unknown}
Potions
 h - a potion of flight
 o - a potion of might


   Skills:
 + Level 3.0 Fighting
 * Level 4.1 Axes
 - Level 1.7 Throwing
 * Level 2.8 Armour
 + Level 3.4 Dodging


You had 4 spell levels left.
You didn't know any spells.
Your spell library contained the following spells:

 Spells                   Type           Power      Damage    Failure   Level
 Magic Dart               Conj           0%         1d3       43%         1


Dungeon Overview and Level Annotations

Branches:
Dungeon (4/15)             Temple (1/1) D:4

Altars:
Cheibriados
Dithmenos
Elyvilon
Gozag
Hepliaklqana
Kikubaaqudgha
Nemelex Xobeh
Okawaru
Qazlal
Ru
Trog
Wu Jian
Xom
Yredelemnul
The Shining One

Shops:
D:4 [

Annotations:
D:4 Sigmund


Innate Abilities, Weirdness & Mutations

Your demonic aura often causes spilled blood to erupt in flames.


Message History

You hear some strange, mumbled words.
Something tries to affect you, but you resist.
You climb downwards.
Welcome back to the Ecumenical Temple!
Reactivating autopickup.
There is a staircase back to the Dungeon here.
You start resting.
HP restored.
You climb upwards.
Welcome back to the Dungeon!
Level annotation: Sigmund Sigmund laughs darkly.
Sigmund misses you.
There is a staircase to the Ecumenical Temple here.
Sigmund hits you but does no damage.
You hit Sigmund.
Sigmund is lightly wounded.
Sigmund hits you with a +5 scythe of venom!
You are poisoned.
The kobold misses you.
You slash Sigmund!
Sigmund is heavily wounded.
You hit the kobold.
You kill the kobold!
You feel extremely sick.
You feel very sick. Sigmund barely misses you.
There is a staircase to the Ecumenical Temple here.
You can't go up here!
You feel very sick.
Sigmund hits you from afar with a +5 scythe of venom.
* * * LOW HITPOINT WARNING * * *
You are more poisoned.
You climb downwards.
Welcome back to the Ecumenical Temple!
* * * LOW HITPOINT WARNING * * *
You feel extremely sick.
There is a staircase back to the Dungeon here.
Okay, then.
As you read the scroll labelled UGRYGAROUJ, it crumbles to dust.
You feel momentarily disoriented.
It was a scroll of magic mapping.
You die...
Your body rises from the dead as a mindless zombie.

≈≈≈≈≈≈≈≈≈≈≈≈≈≈≈≈≈≈≈≈≈≈≈≈≈≈≈≈≈≈≈≈≈
≈≈≈≈.........................≈≈≈≈
.................................
................8................
._............................._.
........_..............._........
.................................
.................................
...._...........@..........._....
.................................
.................................
........_..............._........
._............................._.
................_................
.................................
≈≈≈≈.........................≈≈≈≈
≈≈≈≈≈≈≈≈≈≈≈≈≈≈≈≈≈≈≈≈≈≈≈≈≈≈≈≈≈≈≈≈≈


There were no monsters in sight!

Vanquished Creatures
  A jelly (D:3)
  Crazy Yiuf (D:3)
  A hound (D:2)
  A hound skeleton (D:4)
  6 adders
  2 worms (D:2)
  3 dart slugs
  4 orcs (D:4)
  8 endoplasms
  2 giant cockroaches
  3 goblins
  3 hobgoblins
  6 jackals
  4 kobolds
  4 quokkas (D:2)
  5 ball pythons
  6 bats
  4 frilled lizards (D:1)
  A goblin zombie (D:4)
  4 rats
69 creatures vanquished.

Vanquished Creatures (others)
  5 fungi (D:3)
  A plant (D:3)
6 creatures vanquished.

Grand Total: 75 creatures vanquished

Notes
Turn   | Place    | Note
-------+----------+-------------------------------------------
     0 | D:1      | Revguard the Demonspawn Gladiator began the quest for the
                  | Orb.
     0 | D:1      | Reached XP level 1. HP: 16/16 MP: 1/1
   493 | D:1      | Gained mutation: Your demonic aura sometimes causes spilled
                  | blood to erupt in flames. [demonic ancestry]
   493 | D:1      | Reached XP level 2. HP: 15/22 MP: 2/2
   765 | D:1      | Reached skill level 3 in Axes
   765 | D:1      | Reached skill level 1 in Armour
  1566 | D:2      | Reached XP level 3. HP: 27/27 MP: 3/3
  1892 | D:2      | Reached XP level 4. HP: 23/34 MP: 4/4
  2381 | D:3      | Gained mutation: Your demonic aura often causes spilled
                  | blood to erupt in flames. [demonic ancestry]
  2381 | D:3      | Reached XP level 5. HP: 36/39 MP: 5/5
  2625 | D:3      | Found a runed translucent door.
  2626 | D:3      | Noticed Crazy Yiuf
  2627 | D:3      | Identified the +5 mace of Charity {flame, rN+ Int-3 SInv}
  2633 | D:3      | Killed Crazy Yiuf
  2763 | D:3      | Reached skill level 4 in Axes
  2805 | D:3      | Found a faded altar of an unknown god.
  2810 | D:3      | Got Plato's Guide on Confrontation
  3196 | D:3      | Found an ancient bone altar of Kikubaaqudgha.
  3250 | D:4      | Found Jayni's Armour Shoppe.
  3327 | D:4      | Found a staircase to the Ecumenical Temple.
  3338 | D:4      | Noticed Sigmund
  3340 | Temple   | Entered the Ecumenical Temple
  3499 | Temple   | Became a worshipper of Yredelemnul the Dark
  3791 | Temple   | HP: 2/41 [poisoned by Sigmund]
  3792 | Temple   | Succumbed to Sigmund's poison

Illustrated notes

Levels and vault maps discovered:
D:1:      dpeg_arrival_oval, layout_loops_ring
D:2:      layout_basic
D:3:      layout_loops_ring, lemuel_crystal_altar, lemuel_doored_altar,
          shapermc_ecumenical_altar_rom_forum, kennysheep_generic_room_15,
          uniq_crazy_yiuf_cottage
D:4:      layout_loops_ring, minmay_temple_entry_slanted, gammafunk_ghost_split,
          serial_rivers, chequers_serial_rivers_micro_a,
          chequers_serial_rivers_room_b, chequers_serial_rivers_marsh,
          chequers_serial_rivers_micro_e, chequers_serial_rivers_small_a,
          serial_shops, nicolae_diamond_shop, minmay_misc_feat_doors,
          uniq_sigmund
Temple:   dshaligram_water_room_temple

Skill      XL: |  1  2  3  4  5 |
---------------+----------------+-----
Axes           | 3 4 |  4.1
Armour         | 1 2 |  2.8
Dodging        | 3 |  3.4
Fighting       | 3 |  3.0
Throwing       | |  1.7

Action                   |  1- 3 |  4- 6 || total
-------------------------+-------+-------++-------
Melee: War axe           |    89 |   102 ||   191
       Punch             |       |     1 ||     1
Throw: Throwing net      |       |     1 ||     1
  Use: Scroll            |     3 |     5 ||     8
       Potion            |     1 |     1 ||     2
Armor: Leather armour    |    45 |    51 ||    96
Dodge: Dodged            |    84 |    75 ||   159
